 Dungeon Crawl Stone Soup version 0.30-a0-870-gc5d4c5acee (webtiles) character file.

Game seed: 8858201832939342300

1854 112233 the Destroyer (level 9, -7/75 HPs)
             Began as a Meteoran Conjurer on Mar 11, 2023.
             Was an Initiate of Vehumet.
             Mangled by an unseen horror (10 damage)
             ... on level 9 of the Dungeon.
             The game lasted 00:13:22 (2381 turns).

112233 the Destroyer (Meteoran Conjurer)            Turns: 2381, Time: 00:13:23

Health: -7/75      AC:  2    Str:  9    XL:     9   Next: 60%
Magic:  2/21       EV: 16    Int: 23    God:    Vehumet [......]
Gold:   281        SH:  0    Dex: 17    Spells: 11/22 levels left

rFire   . . .      SeeInvis +    y - +8 longbow "Zephyr" {speed, Dex+3 SInv}
rCold   . . .      Faith    .    (shield currently unavailable)
rNeg    . . .      Spirit   .    a - +0 robe
rPois   .          Reflect  .    (no helmet)
rElec   .          Rampage  .    (no cloak)
rCorr   .                        (no gloves)
Will    +....                    (no boots)
Stlth   +                        (no amulet)
HPRegen 0.32/turn                (no ring)
MPRegen 0.17/turn                (no ring)

@: very slightly contaminated, glowing
A: sense surroundings 2, otherworldly, glowing, explore regen
a: Renounce Religion


You were on level 9 of the Dungeon.
You worshipped Vehumet.
Vehumet was noncommittal.
You visited 2 branches of the dungeon, and saw 11 of its levels.

You collected 281 gold pieces.

Inventory:

Hand Weapons
 p - a +0 broad axe
 q - a +3 long sword
 u - a +1 whip of venom
 y - the +8 longbow "Zephyr" (weapon) {speed, Dex+3 SInv}
   (You found it on level 8 of the Dungeon)

   Dex:       It affects your dexterity (+3).
   SInv:      It lets you see invisible.
Missiles
 s - a curare-tipped dart
 t - 12 poisoned darts
Armour
 a - a +0 robe (worn)
Jewellery
 n - a ring of protection from cold
 v - a ring of positive energy
Wands
 g - a wand of flame (16)
 i - a wand of quicksilver (8)
 x - a wand of iceblast (2)
Scrolls
 c - 2 scrolls of blinking {unknown}
 f - a scroll of fog {unknown}
 k - a scroll of acquirement {unknown}
 l - 2 scrolls of noise {unknown}
 o - 3 scrolls of identify {unknown}
 w - a scroll of teleportation {unknown}
Potions
 b - a potion of magic
 d - a potion of flight {unknown}
 e - a potion of ambrosia {unknown}
 h - 2 potions of heal wounds {unknown}
 j - a potion of mutation {unknown}
 m - 2 potions of curing {unknown}
 r - a potion of resistance {unknown}
 z - a potion of lignification {unknown}


   Skills:
 + Level 6.0 Fighting
 + Level 1.4 Ranged Weapons
 + Level 7.3 Dodging
 - Level 1.7 Stealth
 + Level 7.4 Spellcasting
 - Level 8.1 Conjurations


You had 11 spell levels left.
You knew the following spells:

 Your Spells              Type           Power      Damage    Failure   Level
a - Magic Dart            Conj           100%       1d8       1%          1
b - Searing Ray           Conj           92%        2d7       1%          2
c - Iskenderun's Mystic   Conj/Tloc      27%        2d7       14%         4
d - Fulminant Prism       Conj/Hex       13%        3d9       14%         4

Your spell library contained the following spells:

 Spells                   Type           Power      Damage    Failure   Level
 Dazzling Flash           Conj/Hex       54%        N/A       4%          3
 Lesser Beckoning         Tloc           16%        N/A       11%         2
 Gell's Gravitas          Tloc           8%         N/A       22%         3
 Teleport Other           Tloc           8%         N/A       22%         3


Dungeon Overview and Level Annotations

Branches:
Dungeon (10/15) Zot: 3653  Temple (1/1) D:7 Zot: 557
   Lair: D:8-11         Orc: D:9-12

Altars:
Ashenzari
Dithmenos
Fedhas
Gozag
Kikubaaqudgha
Makhleb
Nemelex Xobeh
Okawaru
Qazlal
Ru
Trog
Uskayaw
Vehumet
Xom

Annotations:
D:2 exclusion: downstairs
D:7 4 transporters, Pikel
D:9 3 runed translucent doors


Innate Abilities, Weirdness & Mutations

You passively map the area around you.
You are easily found by Zot.
You glow in the dark.
You regain HP and MP as you explore.


Message History

* * * LOW HITPOINT WARNING * * *
The yak gores you.
* * * LOW HITPOINT WARNING * * *
Unknown command.
Unknown command.
Okay, then.
The yak attacks as you move away! The yak barely misses you.
The yak attacks as you move away! The yak gores you.
* * * LOW HITPOINT WARNING * * *
The unseen horror hits you.
* * * LOW HITPOINT WARNING * * *
The yak gores you.
* * * LOW HITPOINT WARNING * * *
Casting: Iskenderun's Mystic Blast (dangerous; 14% risk of failure)
Confirm with . or Enter, or press ? or * to list all spells.
Okay, then.
Casting: Iskenderun's Mystic Blast (dangerous; 14% risk of failure)
Confirm with . or Enter, or press ? or * to list all spells.
You erupt in a blast of force!
The mystic blast hits the fungus.
The fungus begins to die.
The fungus is lightly damaged.
The mystic blast hits the yak!
The yak is almost dead.
The yak is knocked back by the mystic blast.
The mystic blast hits the yak!
The yak is severely wounded.
The mystic blast hits the unseen horror.
The unseen horror is moderately wounded.
The unseen horror is knocked back by the mystic blast.
The unseen horror slams into the rock wall!
The unseen horror is heavily wounded.
The mystic blast hits the yak.
The yak is almost dead.
The yak is knocked back by the mystic blast.
The yak collides with the fungus!
The fungus is lightly damaged.
You kill the yak!
Vehumet accepts your kill.
A nearby fungus withers and dies.
The unseen horror hits you!
You die...

, * ,.#* * ,##. * ..#*
, , ** , #.. ## *#.. *
* , ..,,,,... *
.###.#* * ..* ..#*
**#...## * * , .# #.#
##....# , , *.# #.#
##..##.## * #.#
#.####Y>x#...# , ,
.### #.......Y@..# ,,
*** *
...#####.......†.### *
* ..÷...........P...#*
, ,
#..........P.P.P..P..
,
##..#.........P.P....
, , , *
#...#P.P........P....
* *
###.##..P..#+##...P...
* , ##.....P...#
,#..P...## *, ,
.....#....P# * ..., *
*


You could see 2 yaks and an unseen horror (invisible).

Vanquished Creatures
  A wyvern (D:9)
  2 yaks
  A water moccasin (D:8)
  2 orc warriors
  An ice beast (D:4)
  3 black bears (D:9)
  A phantom (D:7)
  3 kobold brigands
  2 scorpions
  A bullfrog (D:8)
  3 killer bees (D:9)
  A hound (D:5)
  2 jellies
  A gnoll bouda (D:7)
  An orc priest (D:4)
  An orc wizard (D:7)
  5 gnolls (D:7)
  4 adders
  3 dart slugs
  6 orcs
  4 bats (D:2)
  8 endoplasms
  A giant cockroach (D:4)
  13 kobolds
  A quokka (D:1)
  2 goblins
  5 rats
78 creatures vanquished.

Vanquished Creatures (others)
  11 fungi (D:9)
  6 plants (D:9)
17 creatures vanquished.

Grand Total: 95 creatures vanquished

Notes
Turn   | Place    | Note
-------+----------+-------------------------------------------
     0 | D:1      | 112233 the Meteoran Conjurer began the quest for the Orb.
     0 | D:1      | Reached XP level 1. HP: 14/14 MP: 5/5
    60 | D:1      | Reached XP level 2. HP: 20/20 MP: 3/6
    67 | D:1      | Learned a level 2 spell: Searing Ray
    72 | D:1      | Reached skill level 5 in Conjurations
    99 | D:2      | Reached XP level 3. HP: 26/26 MP: 4/8
   698 | D:2      | Reached XP level 4. HP: 34/34 MP: 4/9
   741 | D:2      | Reached skill level 1 in Fighting
   766 | D:3      | Found a burning altar of Makhleb.
   908 | D:4      | Noticed an ice beast
   914 | D:4      | Killed an ice beast
   915 | D:4      | Reached XP level 5. HP: 13/41 MP: 3/12
  1074 | D:4      | Noticed an orc warrior
  1076 | D:4      | Reached XP level 6. HP: 48/48 MP: 8/13
  1087 | D:5      | Entered Level 5 of the Dungeon
  1136 | D:5      | Reached skill level 6 in Conjurations
  1198 | D:5      | Found a sparkling altar of Nemelex Xobeh.
  1236 | D:6      | Reached XP level 7. HP: 53/56 MP: 7/14
  1385 | D:8      | Noticed a water moccasin
  1388 | D:8      | Killed a water moccasin
  1389 | D:8      | Reached skill level 5 in Spellcasting
  1413 | D:8      | Reached skill level 5 in Dodging
  1438 | D:9      | Found a runed translucent gate.
  1438 | D:9      | Found a runed translucent gate.
  1438 | D:9      | Found a runed translucent gate.
  1460 | D:9      | Reached XP level 8. HP: 36/66 MP: 7/17
  1540 | D:9      | Reached skill level 7 in Conjurations
  1624 | D:9      | Noticed a wyvern
  1629 | D:9      | Killed a wyvern
  1635 | D:9      | Learned a level 4 spell: Iskenderun's Mystic Blast
  1640 | D:9      | Learned a level 4 spell: Fulminant Prism
  1699 | D:9      | Gained mutation: You passively map the area around you.
                  | [Meteoran growth]
  1699 | D:9      | Reached XP level 9. HP: 68/73 MP: 12/19
  1709 | D:10     | Entered Level 10 of the Dungeon
  1721 | D:10     | Reached skill level 5 in Fighting
  1793 | D:8      | Reached skill level 8 in Conjurations
  1817 | D:8      | Found the +8 longbow "Zephyr" {speed, Dex+3 SInv}
  1925 | D:7      | Found a transporter.
  1927 | D:7      | Found a transporter.
  1928 | D:7      | Noticed Pikel
  1928 | D:7      | Noticed a boulder beetle
  1934 | D:7      | Found a transporter.
  1934 | D:7      | Noticed a kobold demonologist
  1951 | D:7      | Found a transporter.
  1969 | D:7      | Found a blossoming altar of Fedhas.
  2055 | D:7      | Reached skill level 1 in Ranged Weapons
  2169 | D:7      | Found a staircase to the Ecumenical Temple.
  2179 | Temple   | Entered the Ecumenical Temple
  2211 | Temple   | Became a worshipper of Vehumet
  2252 | D:7      | Noticed a manticore
  2372 | D:10     | Noticed an unseen horror
  2380 | D:9      | HP: 2/75 [yak (6)]
  2381 | D:9      | Mangled by an unseen horror

Illustrated notes

Levels and vault maps discovered:
D:1:      minmay_arrival_four_loops, layout_basic,
          shapermc_ecumenical_altar_rom_forum
D:2:      layout_loops_corners, uniq_crazy_yiuf_cottage
D:3:      layout_basic, amcnicky_altar_gilded, serial_shops, shop,
          grunt_ministairs_10, nicolae_half_adder
D:4:      layout_basic, minmay_misc_feat_four_crosses, hex_intersection
D:5:      layout_loops_corners, mainiacjoe_overflow_surrounded_room,
          nicolae_ossuary_entry_monument, gup_sewer_entry_bowl
D:6:      layout_loops_corners, mainiacjoe_overflow_paths, lemuel_round_altar,
          serial_bayou_lagoon_a
D:7:      gammafunk_the_bubble [the_bubble_gammafunk_roulette],
          layout_gridville, mainiacjoe_overflow_tiny_flanked,
          minmay_temple_entry_overgrown, kennysheep_small_circle, uniq_joseph,
          uniq_pikel
D:8:      layout_basic, uniq_maurice
D:9:      layout_layer_cave, zin_treasury, nicolae_yredelemnul_ghost_church,
          grunt_lair_entry_orc_guard_hut, gammafunk_ghost_icy, uniq_maggie,
          uniq_gastronok
D:10:     layout_basic, gammafunk_temple_overflow_claw, enter_bailey_5,
          st_stairs_8, minmay_orc_keep
Temple:   nicolae_temple_x_marks_the_god

Skill      XL: |  1  2  3  4  5  6  7  8  9 |
---------------+----------------------------+-----
Conjurations   | 5 6 7 8 |  8.1
Spellcasting   | 3 4 5 6 7 |  7.4
Dodging        | 3 4 5 6 7 |  7.3
Fighting       | 2 3 4 6 |  6.0
Ranged Weapons | 1 |  1.4
Stealth        | |  1.7

Action                     |  1- 3 |  4- 6 |  7- 9 || total
---------------------------+-------+-------+-------++-------
  Melee: Unarmed           |     1 |       |       ||     1
   Fire: Longbow           |       |       |    13 ||    13
   Cast: Magic Dart        |    36 |    20 |    25 ||    81
         Searing Ray       |     1 |    10 |    33 ||    44
         Iskenderun's Myst |       |       |     4 ||     4
  Evoke: Wand              |       |     1 |     3 ||     4
 Armour: Robe              |     2 |     3 |     8 ||    13
  Dodge: Dodged            |     6 |     8 |    49 ||    63

Table legend: (Time is in decaauts)
 A = Elapsed time spent in this place.
 B = Non-inter-level travel time spent in this place.
 C = Inter-level travel time spent in this place.
 D = Time resting spent in this place.
 E = Time spent auto-exploring this place.
 F = Levels seen in this place.
 G = Mean time per level.
                   A        B        C        D        E       F      G
               +--------+--------+--------+--------+--------+-----+--------+
         Total |   2388 |   1430 |    958 |    276 |    266 |  11 |  217.1 |
       Dungeon |   2345 |   1428 |    917 |    276 |    266 |  10 |  234.5 |
        Temple |     42 |      1 |     41 |      0 |      0 |   1 |   42.0 |
               +--------+--------+--------+--------+--------+-----+--------+

Top non-repeatable levels by time:
     D:2: 663 daAuts
     D:7: 559 daAuts
     D:9: 387 daAuts
     D:4: 244 daAuts
     D:5: 143 daAuts
     D:8: 141 daAuts
     D:1: 97 daAuts
     D:3: 80 daAuts
  Temple: 42 daAuts
    D:10: 18 daAuts
     D:6: 9 daAuts
